 Dungeon Crawl Stone Soup version 0.27-a0-1189-gb8eb6cee8e (console) character file.

Game seed: 15340770496761701903

72 Hector the Skirmisher (level 4, -4/37 HPs)
             Began as a Formicid Abyssal Knight on May 23, 2021.
             Was a Follower of Lugonu.
             Slain by a kobold brigand
             ... wielding a +0 short sword
              (7 damage)
             ... in a sewer.
             The game lasted 00:05:27 (2411 turns).

Hector the Skirmisher (Formicid Abyssal Knight)     Turns: 2411, Time: 00:05:27

Health: -4/37      AC:  6    Str: 18    XL:     4   Next: 50%
Magic:  6/6        EV: 10    Int: 11    God:    Lugonu [*.....]
Gold:   103        SH:  0    Dex: 10    Spells: 3/3 levels left

rFire    . . .     SeeInvis +   a - +1 hand axe
rCold    . . .     Faith    .   (no shield)
rNeg     . . .     Spirit   .   j - +0 ring mail
rPois    .         Reflect  .   (helmet unavailable)
rElec    .         Harm     .   (no cloak)
rCorr    .         Rampage  .   g - +0 pair of gloves
Will     .....                  (no boots)
Stlth    ..........             (no amulet)
HPRegen  0.12/turn              (no ring)
MPRegen  0.10/turn              (no ring)

@: no status effects
A: permanent stasis, dig shafts and tunnels, antennae 3, four strong arms
a: Dig, Renounce Religion, Depart the Abyss


You were in a sewer.
You worshipped Lugonu.
Lugonu was aware of your devotion.
You visited 1 branch of the dungeon, and saw 3 of its levels.
You visited the Abyss 1 time.
You also visited: Sewer.

You collected 103 gold pieces.

Inventory:

Hand Weapons
 a - a +1 hand axe (weapon)
Missiles
 e - 8 boomerangs (quivered)
 k - 99 stones
 l - 25 sling bullets
 p - 10 poisoned darts
Armour
 b - a +0 leather armour
 g - a +0 pair of gloves (worn)
 j - a +0 ring mail (worn)
Wands
 r - a wand of paralysis (12)
Scrolls
 f - a scroll of fog {unknown}
 h - 2 scrolls of identify {unknown}
 o - a scroll of fear {unknown}
Potions
 c - a potion of might {unknown}
 d - a potion of flight {unknown}
 i - a potion of attraction {unknown}
 m - a potion of brilliance {unknown}
 q - a potion of degeneration {unknown}


   Skills:
 + Level 3.8 Fighting
 * Level 3.2 Axes
 + Level 2.6 Armour
 + Level 1.2 Dodging
 * Level 2.8 Invocations


You had 3 spell levels left.
You didn't know any spells.
Your spell library contained the following spells:

 Spells                   Type           Power      Damage    Failure   Level
 Sandblast                Erth           0%         2d4       52%         1
 Passwall                 Tmut/Erth      0%         N/A       67%         2
 Stone Arrow              Conj/Erth      0%         3d7       88%         3
 Petrify                  Tmut/Erth      0%         N/A       99%         4
 Lee's Rapid Deconstruct  Erth           0%         3d5*      100%        5


Dungeon Overview and Level Annotations

Branches:
Dungeon (3/15)              Sewer (1/1)

Altars:


Innate Abilities, Weirdness & Mutations

You cannot be hasted, slowed, berserked, paralysed or teleported.
You can dig through walls and to a lower floor.
You have a pair of large antennae on your head. (SInv)
Your four strong arms can wield two-handed weapons with a shield.


Message History

You slash the kobold!
You kill the kobold!
Lugonu accepts your kill.
You hear a splash. x2
You miss the kobold.
The kobold brigand hits you but does no damage.
The kobold misses you.
You hit the kobold brigand.
The kobold brigand is moderately wounded.
You hit the kobold.
The kobold brigand hits you but does no damage.
The kobold hits you but does no damage.
The kobold brigand hits you with a +0 short sword.
You miss the kobold brigand.
The kobold brigand is moderately wounded.
You hit the kobold.
You kill the kobold!
Lugonu accepts your kill.
You hear a splash.
The kobold brigand hits you with a +0 short sword!
* * * LOW HITPOINT WARNING * * *
You feel better.
The kobold brigand hits you with a +0 short sword.
You closely miss the kobold brigand.
The kobold brigand is moderately wounded.
The kobold brigand splashes around in the water.
You closely miss the kobold brigand.
The kobold brigand is moderately wounded.
The kobold brigand hits you with a +0 short sword!
* * * LOW HITPOINT WARNING * * *
You slash the kobold brigand!
The kobold brigand is severely wounded.
The kobold brigand barely misses you.
You completely miss the kobold brigand.
The kobold brigand is severely wounded.
The kobold brigand barely misses you.
You slash the kobold brigand!
The kobold brigand is almost dead.
The kobold brigand hits you with a +0 short sword!
You die...

#≈# #≈# #≈# #≈# #≈# #≈#
#≈# ##≈#########
#######≈≈≈@K.≈...#
#######......≈≈≈))≈≈≈≈.#
#≈≈≈≈≈≈≈≈≈≈≈≈≈≈≈≈≈≈≈≈≈.#
≈≈≈≈≈≈≈≈≈≈≈≈≈≈≈≈≈≈≈≈≈≈...
##≈≈≈≈≈≈≈≈≈≈≈≈≈≈≈≈≈≈≈≈.#.
######......≈≈.≈≈≈≈≈≈.#
###.###.≈≈.......# #∩#
############ ###


You could see a kobold brigand.

Vanquished Creatures
  3 adders (D:2)
  2 dart slugs (D:2)
  An endoplasm (D:2)
  2 giant cockroaches
  3 goblins
  2 hobgoblins (D:1)
  A jackal (Sewer)
  4 quokkas
  2 ball pythons
  4 bats
  A frilled lizard (D:2)
  7 kobolds
  9 rats
41 creatures vanquished.

Notes
Turn   | Place    | Note
-------+----------+-------------------------------------------
     0 | Abyss:1  | Hector the Formicid Abyssal Knight began the quest for the
                  | Orb.
     0 | Abyss:1  | Reached XP level 1. HP: 18/18 MP: 2/2
    33 | Abyss:1  | Found a broken altar of Ashenzari.
    68 | Abyss:1  | Noticed an eye of devastation
    69 | D:1      | Escaped the Abyss
   508 | D:1      | Reached skill level 1 in Dodging
   508 | D:1      | Reached XP level 2. HP: 24/24 MP: 3/3
   605 | D:1      | Found a faded altar of an unknown god.
   762 | D:1      | Reached * piety under Lugonu
  1374 | D:2      | Noticed an ogre
  1664 | D:2      | Reached XP level 3. HP: 27/30 MP: 4/4
  2109 | D:2      | Reached XP level 4. HP: 36/37 MP: 6/6
  2296 | D:3      | Found a glowing drain.
  2328 | Sewer    | Entered a sewer
  2387 | Sewer    | Noticed a kobold brigand
  2411 | Sewer    | Slain by a kobold brigand

Illustrated notes

Levels and vault maps discovered:
D:1:      roderic_dead_forest, layout_basic, ebering_ecumenical_altar_box,
          kennysheep_pointless_box, minmay_misc_feat_secret_circle
D:2:      minmay_alternating_diamond, layout_basic
D:3:      layout_rooms, portal_sewer_entry_a
Sewer:    sewer_kobolds

Skill      XL: |  1  2  3  4 |
---------------+-------------+-----
Dodging        | 1 |  1.2
Axes           | 3 |  3.2
Fighting       | |  3.8
Armour         | |  2.6
Invocations    | |  2.8

Action                   |  1- 3 |  4- 6 || total
-------------------------+-------+-------++-------
Melee: Hand axe          |   113 |    47 ||   160
Throw: Boomerang         |     8 |       ||     8
Invok: Depart the Abyss  |     1 |       ||     1
  Use: Potion            |       |     2 ||     2
Armor: Leather armour    |    13 |       ||    13
       Ring mail         |    38 |    22 ||    60
Dodge: Dodged            |    69 |    25 ||    94

Table legend: (Time is in decaauts)
 A = Elapsed time spent in this place.
 B = Non-inter-level travel time spent in this place.
 C = Inter-level travel time spent in this place.
 D = Time resting spent in this place.
 E = Time spent auto-exploring this place.
 F = Levels seen in this place.
 G = Mean time per level.
                   A        B        C        D        E       F      G
               +--------+--------+--------+--------+--------+-----+--------+
         Total |   2463 |   2231 |    232 |    343 |   1377 |   5 |  492.6 |
       Dungeon |   2291 |   2059 |    232 |    343 |   1251 |   3 |  763.7 |
         Abyss |     69 |     69 |      0 |      0 |     64 |   1 |   69.0 |
         Sewer |    103 |    103 |      0 |      0 |     62 |   1 |  103.0 |
               +--------+--------+--------+--------+--------+-----+--------+

Top non-repeatable levels by time:
     D:2: 1186 daAuts
     D:1: 1067 daAuts
   Sewer: 103 daAuts
 Abyss:1: 69 daAuts
     D:3: 37 daAuts
